 Dungeon Crawl Stone Soup version 0.30.1-3-gfc49f6343a (webtiles) character file.

Game seed: 7315028167026356419

10669 Peloso the Carver (level 11, -2/99 HPs)
             Began as a Minotaur Fighter on Aug 1, 2023.
             Succumbed to Grum's poison
             ... on level 11 of the Dungeon.
             The game lasted 00:27:30 (12658 turns).

Peloso the Carver (Minotaur Fighter)               Turns: 12658, Time: 00:27:30

Health: -2/99      AC: 17    Str: 28    XL:     11   Next: 39%
Magic:  10/10      EV: 14    Int:  5    God:
Gold:   473        SH:  6    Dex: 11    Spells: 10/10 levels left

rFire   + + .        a - +3 falchion (freeze)
rCold   + + .        c - +0 buckler
rNeg    . . .        D - +0 plate armour
rPois   +            (helmet restricted)
rElec   +            (no cloak)
rCorr   +            H - +1 pair of gloves
SInv    .            (no boots)
Will    .....        g - amulet of the Firefly {rC+ Regen+ Str+4}
Stlth   x              - +5 ring of evasion
HPRegen 1.16/turn    G - ring of protection from fire
MPRegen 0.12/turn

%: no passive effects
@: lethally poisoned (-2 -> -23), resistant
A: horns 2, retaliatory headbutt
a: no special abilities


You were on level 11 of the Dungeon.
You visited 2 branches of the dungeon, and saw 12 of its levels.
You also visited: Ossuary.

You collected 528 gold pieces.
You spent 55 gold pieces at shops.

Inventory:

Hand Weapons
 a - a +3 falchion of freezing (weapon)
 b - a +0 scimitar of flaming
Armour
 c - a +0 buckler (worn)
 v - a +1 chain mail of fire resistance
 D - a +0 plate armour (worn)
 H - a +1 pair of gloves (worn)
Jewellery
 g - the amulet of the Firefly (around neck) {rC+ Regen+ Str+4}
   (You acquired it in an ossuary)

   [amulet of regeneration]

   Str:       It affects your strength (+4).
   rC:        It protects you from cold.
   Regen:     It increases your rate of health regeneration.
 r - a +6 ring of intelligence
 w - a ring of see invisible
 x - a +5 ring of evasion (left hand)
 B - an amulet of faith
 C - a ring of ice
 E - a ring of flight
 G - a ring of protection from fire (right hand)
Wands
 z - a wand of flame (17)
 J - a wand of charming (2)
Scrolls
 d - 3 scrolls of magic mapping
 e - 2 scrolls of silence {unknown}
 f - 5 scrolls of amnesia
 h - 2 scrolls of fear
 i - 3 scrolls of enchant weapon
 j - 11 scrolls of teleportation
 n - 2 scrolls of vulnerability {unknown}
 q - 2 scrolls of acquirement
 t - 2 scrolls of fog {unknown}
 u - 3 scrolls of identify
 y - 2 scrolls of immolation {unknown}
 I - a scroll of blinking {unknown}
Potions
 k - 2 potions of invisibility
 l - 2 potions of mutation
 m - a potion of resistance
 o - 2 potions of cancellation
 p - 2 potions of flight {unknown}
 s - 2 potions of brilliance {unknown}
 A - a potion of magic {unknown}
 F - a potion of lignification {unknown}
 K - a potion of might


   Skills:
 + Level 9.9 Fighting
 + Level 12.9 Long Blades
 + Level 11.7 Armour
 + Level 4.3 Dodging
 + Level 1.0 Stealth
 + Level 8.8 Shields
 + Level 1.6 Evocations


You had 10 spell levels left.
You didn't know any spells.
Your spell library contained the following spells:

 Spells                   Type           Power      Damage    Failure   Level
 Blink                    Tloc           0%         N/A       100%        2
 Lesser Beckoning         Tloc           0%         N/A       100%        2
 Momentum Strike          Conj/Tloc      0%         3d8       100%        2
 Sublimation of Blood     Necr           0%         N/A       100%        2
 Wereblood                Tmut           0%         N/A       100%        2
 Dazzling Flash           Conj/Hex       0%         N/A       100%        3
 Frozen Ramparts          Ice            0%         1d1       100%        3
 Gell's Gravitas          Tloc           0%         N/A       100%        3
 Teleport Other           Tloc           0%         N/A       100%        3
 Volatile Blastmotes      Fire/Tloc      0%         2d10      100%        3
 Animate Armour           Summ/Erth      0%         N/A       100%        4
 Fulminant Prism          Conj/Hex       0%         3d5       100%        4
 Ice Form                 Ice/Tmut       0%         N/A       100%        4
 Iskenderun's Mystic Bla  Conj/Tloc      0%         2d3       100%        4
 Summon Ice Beast         Ice/Summ       0%         N/A       100%        4
 Agony                    Necr           0%         N/A       100%        5
 Blade Hands              Tmut           0%         N/A       100%        5
 Lee's Rapid Deconstruct  Erth           0%         3d4*      100%        5
 Silence                  Hex/Air        0%         N/A       100%        5
 Dispersal                Tloc           0%         N/A       100%        6
 Iron Shot                Conj/Erth      0%         9d1       100%        6
 Summon Hydra             Summ           0%         N/A       100%        7


Dungeon Overview and Level Annotations

Branches:
Dungeon (11/15)            Temple (1/1) D:6            Lair (0/5) D:10
    Orc (0/2) D:9         Ossuary (visited)

Altars:
Ashenzari
Cheibriados
Dithmenos
Fedhas
Gozag
Hepliaklqana
Kikubaaqudgha
Makhleb
Nemelex Xobeh
Qazlal
Ru
Sif Muna
Trog
Uskayaw
Vehumet
Wu Jian
Xom
Yredelemnul
Zin
The Shining One

Shops:
D:5 :   D:6 !

Annotations:
D:11 Grum


Innate Abilities, Weirdness & Mutations

You have a pair of horns on your head.
You reflexively headbutt those who attack you in melee.


Message History

You block the wolf's attack.
You barely miss the wolf.
You feel very sick. The wolf bites you but does no damage.
Grum hits you but does no damage.
You miss the wolf.
You headbutt the wolf, but do no damage.
You feel sick. The wolf bites you but does no damage.
You hit the wolf but do no damage.
You feel sick. You block the wolf's attack.
Grum hits you from afar with a -1 glaive of venom!
You are more poisoned.
You hit the wolf. You freeze the wolf. Your headbutt misses the wolf.
The wolf is lightly wounded.
You feel very sick. The wolf barely misses you.
You hit the wolf. You freeze the wolf. Your headbutt misses the wolf.
The wolf is moderately wounded.
You feel very sick. The wolf barely misses you.
Grum hits you from afar with a -1 glaive of venom.
You are more poisoned.
You slash the wolf! You freeze the wolf.
You kill the wolf!
You feel very sick.
Grum hits you from afar with a -1 glaive of venom!!
You are lethally poisoned!
* * * LOW HITPOINT WARNING * * *
You feel extremely sick. Grum barely misses you. You furiously retaliate!
You headbutt Grum.
You see here a wolf corpse.
* * * LOW HITPOINT WARNING * * *
You feel extremely sick.
Grum zaps a wand.
The bolt of light hits you.
* * * LOW HITPOINT WARNING * * *
It was a potion of cancellation.
You feel magically purged.
* * * LOW HITPOINT WARNING * * *
You feel extremely sick. Grum closely misses you. You furiously retaliate!
You headbutt Grum!
It was a potion of resistance.
You feel protected.
You die...

. #...###.#
###..†..#
#..#####
...####......#
#........##...#
######......$..
#.##....> ##†#
..... #g@#
..... #.##
#.... #. ... ..
... .... .....
.^....


You could see Grum.

Vanquished Creatures
  3 two-headed ogres
  A boulder beetle (D:8)
  A rust devil (D:10)
  Maggie (D:9)
  2 trolls
  A hornet (D:11)
  2 wraiths
  A vampire (D:11)
  5 yaks (D:10)
  2 vampire mosquitoes (D:11)
  A steam dragon (D:7)
  The ghost of LaMa the Changer, an amateur DgTm (D:4)
  Menkaure (Ossuary)
  2 acid dragons (D:10)
  A water moccasin (D:9)
  10 orc warriors
  A black bear (D:5)
  2 ice beasts (D:6)
  A sky beast (D:7)
  3 ogres (D:6)
  3 wolves (D:11)
  2 centaurs
  A bullfrog (D:6)
  2 gnoll sergeants
  4 scorpions
  4 wights (D:9)
  8 killer bees
  7 howler monkeys
  3 centaur zombies (Ossuary)
  4 hounds
  2 jellies
  A gnoll bouda (D:9)
  12 orc priests
  A sleepcap (D:7)
  5 iguanas
  13 orc wizards
  2 ogre zombies (Ossuary)
  6 mummies (Ossuary)
  16 gnolls
  9 adders
  4 white imps
  2 ufetubi
  2 adder zombies (Ossuary)
  10 worms
  5 dart slugs
  90 orcs
  2 bats
  7 endoplasms
  5 giant cockroaches
  15 goblins
  9 hobgoblins
  5 jackals
  10 kobolds
  6 quokkas
  14 ball pythons
  3 frilled lizards (D:1)
  3 goblin zombies (Ossuary)
  5 hobgoblin zombies (Ossuary)
  8 kobold zombies (Ossuary)
  3 quokka zombies (Ossuary)
  7 rats
  4 rat zombies (Ossuary)
  A spectral orc (D:4)
367 creatures vanquished.

Notes
Turn   | Place    | Note
-------+----------+-------------------------------------------
     0 | D:1      | Peloso the Minotaur Fighter began the quest for the Orb.
     0 | D:1      | Reached XP level 1. HP: 19/19 MP: 0/0
   102 | D:1      | Reached XP level 2. HP: 24/27 MP: 1/1
   391 | D:1      | Reached skill level 3 in Long Blades
   421 | D:1      | Reached XP level 3. HP: 18/33 MP: 2/2
  1376 | D:2      | Reached skill level 1 in Dodging
  1376 | D:2      | Reached XP level 4. HP: 35/40 MP: 3/3
  1956 | D:3      | Reached skill level 4 in Long Blades
  1956 | D:3      | Reached XP level 5. HP: 29/40 MP: 4/4
  2890 | D:4      | Reached skill level 5 in Armour
  2903 | D:4      | Reached XP level 6. HP: 49/53 MP: 5/5
  2962 | D:4      | Reached skill level 5 in Long Blades
  3004 | D:4      | Found a stormy altar of Qazlal.
  3023 | D:4      | Found a shimmering blue altar of Sif Muna.
  3057 | D:4      | Found a runed translucent door.
  3063 | D:4      | Noticed LaMa's ghost (amateur DgTm)
  3079 | D:4      | Killed LaMa's ghost
  3080 | D:4      | Reached skill level 6 in Long Blades
  3080 | D:4      | Reached XP level 7. HP: 16/60 MP: 6/6
  3119 | D:4      | Found a sand-covered staircase.
  3124 | Ossuary  | Entered an ossuary
  3291 | Ossuary  | Reached skill level 5 in Shields
  3542 | Ossuary  | Reached skill level 5 in Fighting
  3703 | Ossuary  | Noticed Menkaure
  3718 | Ossuary  | Killed Menkaure
  3719 | Ossuary  | Reached skill level 7 in Long Blades
  4079 | Ossuary  | Identified 2 scrolls of acquirement
  4079 | Ossuary  | Acquired the amulet of the Firefly {rC+ Regen+ Str+4}
  4225 | D:4      | Reached XP level 8. HP: 62/69 MP: 7/7
  4557 | D:4      | Found a basalt altar of Yredelemnul.
  4609 | D:5      | Entered Level 5 of the Dungeon
  4625 | D:5      | Reached skill level 8 in Long Blades
  5328 | D:5      | Found Kifop's Book Shop.
  5682 | D:6      | Reached skill level 9 in Long Blades
  5794 | D:6      | Reached XP level 9. HP: 40/78 MP: 8/8
  5830 | D:6      | Found a staircase to the Ecumenical Temple.
  5841 | Temple   | Entered the Ecumenical Temple
  6221 | D:6      | Found Motulan's Distillery.
  6228 | D:6      | Bought a potion of heal wounds for 55 gold pieces
  7564 | D:7      | Found a sparkling altar of Nemelex Xobeh.
  7564 | D:7      | Found an opulent altar of Gozag.
  7679 | D:8      | Noticed a troll
  7687 | D:8      | Killed a troll
  7688 | D:8      | Reached skill level 10 in Long Blades
  7688 | D:8      | Reached skill level 1 in Stealth
  7920 | D:8      | Found an ornate altar of the Wu Jian Council.
  8206 | D:8      | Found a snail-covered altar of Cheibriados.
  8803 | D:9      | Noticed a boulder beetle
  8914 | D:8      | Killed a boulder beetle
  8966 | D:8      | Reached skill level 11 in Long Blades
  8966 | D:8      | Reached XP level 10. HP: 71/88 MP: 9/9
  9131 | D:9      | Reached skill level 1 in Evocations
  9146 | D:9      | Found a staircase to the Orcish Mines.
  9268 | D:9      | Noticed a two-headed ogre
  9284 | D:9      | Killed a two-headed ogre
  9330 | D:9      | Noticed Maggie
  9346 | D:9      | Killed Maggie
  9520 | D:9      | Reached skill level 12 in Long Blades
  9606 | D:9      | Reached skill level 10 in Armour
 10274 | D:10     | Entered Level 10 of the Dungeon
 10274 | D:10     | Noticed a two-headed ogre
 10428 | D:10     | Killed a two-headed ogre
 10475 | D:10     | Reached XP level 11. HP: 43/97 MP: 10/10
 10810 | D:10     | Found a staircase to the Lair.
 10945 | D:10     | Found a glowing golden altar of the Shining One.
 11195 | D:11     | Noticed a two-headed ogre
 11205 | D:11     | Killed a two-headed ogre
 12634 | D:11     | Noticed Grum
 12657 | D:11     | HP: 4/99 [poisoned by Grum]
 12658 | D:11     | Succumbed to Grum's poison

Illustrated notes

Levels and vault maps discovered:
D:1:      sevenhm_arrival_forest_fort_small_4, layout_basic, minmay_pentomino_p2
D:2:      layout_loops_cross, chequers_serial_rivers_marsh,
          minmay_parallelograms, minmay_distorted
D:3:      layout_basic, bh_walls_and_bars
D:4:      layout_basic, yredelemnul_forgotten_temple_becter,
          nicolae_overflow_hidden_temple, enter_ossuary_2, ebering_ghost_sewer_d
D:5:      layout_cave_pods, serial_shops, nicolae_shop_rolling_square,
          nicolae_wormholes
D:6:      layout_basic, minmay_temple_entry_stoned_glass, serial_shops, shop
D:7:      layout_loops_corners, grunt_temple_overflow_opulence, uniq_menkaure
D:8:      corexii_shantytown, layout_cave_pods, mainiacjoe_overflow_24_doors,
          cheibriados_altar_1
D:9:      layout_gridville, david_orc_5, uniq_maggie
D:10:     cheibrodos_iron_armory, layout_rooms, tso_oasis_becter,
          dpeg_oklobed_lair
D:11:     layout_rooms, uniq_grum, uniq_snorg
Temple:   minmay_temple_bridge_abc

Skill      XL: |  1  2  3  4  5  6  7  8  9 10 11 |
---------------+----------------------------------+-----
Armour         | 4 5 6 7 9 10 11 | 11.7
Shields        | 4 5 7 8 |  8.8
Long Blades    | 3 4 6 7 9 11 12 | 12.9
Fighting       | 4 5 6 7 9 |  9.9
Dodging        | 1 2 3 4 |  4.3
Stealth        | 1 |  1.0
Evocations     | 1 |  1.6

Action                     |  1- 3 |  4- 6 |  7- 9 | 10-12 || total
---------------------------+-------+-------+-------+-------++-------
  Melee: Long sword        |   100 |   130 |   537 |    78 ||   845
         Headbutt          |    10 |    18 |   118 |   131 ||   277
         Falchion          |       |       |       |   427 ||   427
  Evoke: Wand              |       |       |     5 |     8 ||    13
    Use: Potion            |     3 |     1 |     7 |     3 ||    14
         Scroll            |       |       |     9 |     4 ||    13
 Armour: Scale mail        |    38 |    61 |    88 |       ||   187
         Plate armour      |       |       |    86 |   192 ||   278
  Dodge: Dodged            |    45 |    54 |   255 |   194 ||   548
  Block: Buckler           |    26 |    44 |   131 |   134 ||   335
